 Dungeon Crawl Stone Soup version 0.29.1-15-g9cfb28693d (webtiles) character file.

Game seed: 9818826481391732842

31 leafyfresh the Sneak (level 3, -5/26 HPs)
             Began as an Octopode Delver on Mar 9, 2023.
             Slain by Grinder (8 damage)
             ... on level 5 of the Dungeon.
             The game lasted 00:00:16 (84 turns).

leafyfresh the Sneak (Octopode Delver)                Turns: 84, Time: 00:00:17

Health: -5/26      AC:  1    Str: 11    XL:     3   Next: 22%
Magic:  3/3        EV: 13    Int: 14    God:
Gold:   0          SH:  0    Dex: 13    Spells: 2/2 levels left

rFire   . . .      SeeInvis .   a - +0 short sword
rCold   . . .      Faith    .   (no shield)
rNeg    . . .      Spirit   .   (helmet restricted)
rPois   .          Reflect  .   (no amulet)
rElec   .          Harm     .   (no ring)
rCorr   .          Rampage  .   (no ring)
Will    .....                   (no ring)
Stlth   ++++......              (no ring)
HPRegen 0.08/turn               (no ring)
MPRegen 0.08/turn               (no ring)
                                (no ring)
                                (no ring)

@: no status effects
A: almost no armour, amphibious, 8 rings, camouflage 1, gelatinous body 1,
(nimble swimmer 1), tentacles
a: no special abilities


You were on level 5 of the Dungeon.
You visited 1 branch of the dungeon, and saw 1 of its levels.

Inventory:

Hand Weapons
 a - a +0 short sword (weapon)
Wands
 f - a wand of digging (3)
Scrolls
 b - a scroll of fog
 c - a scroll of magic mapping
 d - a scroll of fear
Potions
 e - a potion of haste
 g - a potion of berserk rage {unknown}


   Skills:
 + Level 3.4 Fighting
 - Level 2.0 Short Blades
 + Level 2.6 Dodging
 + Level 7.1 Stealth


You had 2 spell levels left.
You didn't know any spells.
Your spell library was empty.

Dungeon Overview and Level Annotations

Branches:
Dungeon (5/15)
 Temple: D:4-7

Altars:

Annotations:
D:5 Grinder


Innate Abilities, Weirdness & Mutations

You cannot wear most types of armour.
You are amphibious.
You can wear up to eight rings at the same time.
Your skin changes colour to match your surroundings (Stealth+).
Your rubbery body absorbs attacks. (AC +1, EV +1)
((You are camouflaged when in or above water. (Stealth+)))
You have tentacles for arms and can constrict up to eight enemies at once.


Message History

An iguana comes into view.
The jelly hits you but does no damage.
You hit the jelly.
Your tentacles burn!
You squeeze the jelly!
The jelly is almost dead.
The orc misses you. The jelly closely misses you.
You hit the jelly.
Your tentacles burn!
You squeeze the jelly.
You kill the jelly!
The orc barely misses you.
Your Stealth skill increases to level 7!
You have reached level 2!
You have reached level 3!
Your experience leads to an increase in your attributes!
Increase (S)trength, (I)ntelligence, or (D)exterity?
You feel clever. x2
Unknown command.
You hit the orc. Your grab misses the orc.
The orc is moderately wounded.
The orc hits you with a +0 short sword.
You hit the orc. You grab the orc. You squeeze the orc.
You kill the orc!
Things that are here:
a +0 short sword; a +0 leather armour You barely miss Grinder.
You grab Grinder. You constrict Grinder. Grinder closely misses you.
You hit Grinder.
Grinder is lightly wounded.
You constrict Grinder. Grinder closely misses you.
You hit Grinder. You squeeze Grinder.
Grinder is moderately wounded.
You constrict Grinder. Grinder hits you.
* * * LOW HITPOINT WARNING * * *
You writhe in agony.
* * * LOW HITPOINT WARNING * * *
You hit Grinder but do no damage.
Grinder is moderately wounded.
You constrict Grinder. Grinder hits you but does no damage.
You hit Grinder.
Grinder is moderately wounded.
You constrict Grinder. Grinder hits you!
You die...

#. #.........#.....##
#.. ........ .........
##.. #.#...#####.....##
.....#.#.............##
#.#..#.#.#.#######.# #
#...........5.....# #
#.#.##.###########.# #
#5# #.# ## #@#
####.###. #.# #........
.........# #.######.
.....##..# # ## .l#.
...# # # .#.# # #. .# #
#. .| # #. ## #####


You could see Grinder.

Vanquished Creatures
  A jelly (D:5)
  An orc (D:5)
2 creatures vanquished.

Notes
Turn   | Place    | Note
-------+----------+-------------------------------------------
     0 | D:5      | leafyfresh the Octopode Delver began the quest for the Orb.
     0 | D:5      | Reached XP level 1. HP: 16/16 MP: 1/1
    53 | D:5      | Noticed Grinder
    56 | D:5      | Paralysed by Grinder for 4 turns
    70 | D:5      | Noticed a jelly
    74 | D:5      | Noticed an iguana
    76 | D:5      | Killed a jelly
    77 | D:5      | Reached skill level 7 in Stealth
    77 | D:5      | Reached XP level 2. HP: 12/21 MP: 2/2
    77 | D:5      | Reached XP level 3. HP: 15/26 MP: 3/3
    84 | D:5      | Slain by Grinder

Illustrated notes

Levels and vault maps discovered:
D:5:      layout_loops_ring, serial_glass, glass_columns_a, glass_columns_b,
          uniq_grinder

Skill      XL: |  1 |
---------------+----+-----
Stealth        | 7 |  7.1
Fighting       | |  3.4
Short Blades   | |  2.0
Dodging        | |  2.6

Action                   || total
-------------------------++-------
Melee: Short sword       ||     9
       Tentacles         ||     4
       Constrict         ||     2
Armor: Skin              ||     2
Dodge: Dodged            ||     5
